 Dungeon Crawl Stone Soup version 0.22-a0-42-g002c468 (webtiles) character file.

184 grindst0ne the Shooter (level 5, 0/46 HPs)
             Began as a Centaur Hunter on Jan 5, 2018.
             Slain by a gnoll
             ... wielding a +0 flail
              (5 damage)
             ... on level 3 of the Dungeon.
             The game lasted 00:05:27 (1541 turns).

grindst0ne the Shooter (Centaur Hunter)             Turns: 1541, Time: 00:05:28

Health: 0/46       AC:  4    Str: 15    XL:     5   Next: 36%
Magic:  5/5        EV:  9    Int: 11    God:
Gold:   150        SH:  0    Dex:  9    Spells: 4/4 levels left

rFire    + . .     SeeInvis .   a - +2 shortbow
rCold    . . .     Gourm    .   (shield currently unavailable)
rNeg     . . .     Faith    .   c - +0 leather armour
rPois    .         Spirit   .   (no helmet)
rElec    .         Reflect  .   (no cloak)
rCorr    .         Harm     .   (no gloves)
MR       .....                  (no barding)
Stlth    +.........             (no amulet)
HPRegen  0.15/turn              n - ring of protection from fire
MPRegen  0.09/turn              (no ring)

@: hasted, very quick
A: large, hooves 3, deformed body, speed 2, tough skin 3
a: no special abilities


You were on level 3 of the Dungeon.
You were not hungry.

You visited 1 branch of the dungeon, and saw 3 of its levels.

You collected 150 gold pieces.

Inventory:

Hand Weapons
 a - a +2 shortbow (weapon)
 b - a +0 short sword
Missiles
 d - 13 arrows (quivered)
Armour
 c - a +0 leather armour (worn)
Jewellery
 n - a ring of protection from fire (left hand)
Scrolls
 h - a scroll of remove curse
 i - a scroll of random uselessness {unknown}
 k - 4 scrolls of identify {unknown}
 l - a scroll of noise {unknown}
 m - a scroll of immolation {unknown}
 q - a scroll of teleportation {unknown}
Potions
 j - 2 potions of curing
 o - a potion of degeneration {unknown}
 s - a potion of cancellation {unknown}
Books
 p - a book of Changes

   Spells                             Type                      Level
   a - Beastly Appendage              Transmutation                1
   b - Sticks to Snakes               Transmutation                2
   c - Spider Form                    Transmutation/Poison         3
   d - Ice Form                       Ice/Transmutation            4
   e - Blade Hands                    Transmutation                5
Comestibles
 f - 4 rations
 g - 6 chunks of flesh


   Skills:
 + Level 4.2 Fighting
 + Level 7.3 Bows
 - Level 1.3 Dodging
 - Level 0.4 Stealth


You had 4 spell levels left.
You didn't know any spells.

Dungeon Overview and Level Annotations

Branches:
Dungeon (3/15)

Altars:
Qazlal


Innate Abilities, Weirdness & Mutations

You have hooves in place of feet.
Armour fits poorly on your strangely shaped body.
You cover ground very quickly.
You have extremely tough skin. (AC +3)


Message History

The arrow hits the gnoll but does no damage.
The gnoll is heavily wounded.
The gnoll hits you but does no damage.
Firing (i - inventory):
d - 14 arrows (quivered)
Press: ? - help, Shift-Dir - straight line, f/p - gnoll
Aim: a gnoll, wielding a flail (heavily wounded)
You shoot an arrow. The arrow hits the gnoll.
The gnoll is heavily wounded.
The gnoll hits you with a flail!
* * * LOW HITPOINT WARNING * * *
As you read the scroll labeled FUEW ECYWUNE, it crumbles to dust.
It is a scroll of enchant weapon.
Your +1 shortbow glows red for a moment.
The gnoll barely misses you.
As you read the scroll labeled BOISCH PICUN, it crumbles to dust.
You feel blessed for a moment.
It was a scroll of remove curse.
The gnoll hits you from afar with a spear.
* * * LOW HITPOINT WARNING * * *
The gnoll hits you with a flail.
You die...

.....##........#
... #(...(.(.# .
#.(...(..#
#........#
#######....((..#
#..........<(..#
#.#########'#g.##
#g#.)(# #
#@#<#.#.#
#.###...#
#.g.g...#
######..# ..#
.>.. .#### .. ##


You could see 2 gnolls.

Vanquished Creatures
  A howler monkey (D:3)
  The ghost of Torax the Gusty, a weakling TeAE (D:3)
  3 gnolls (D:2)
  2 adders (D:2)
  A worm (D:3)
  5 dart slugs
  A leopard gecko (D:2)
  2 bats
  11 goblins
  7 hobgoblins
  4 jackals (D:2)
  2 quokkas (D:2)
  A ball python (D:2)
  3 frilled lizards
  6 kobolds
  7 rats
57 creatures vanquished.

Vanquished Creatures (others)
  A goblin (D:3)
1 creature vanquished.

Grand Total: 58 creatures vanquished

Notes
Turn   | Place    | Note
-------+----------+-------------------------------------------
     0 | D:1      | grindst0ne the Centaur Hunter began the quest for the Orb.
     0 | D:1      | Reached XP level 1. HP: 17/17 MP: 1/1
   147 | D:1      | Reached XP level 2. HP: 24/25 MP: 2/2
   476 | D:1      | Reached skill level 6 in Bows
   577 | D:1      | Reached XP level 3. HP: 30/30 MP: 3/3
   654 | D:2      | Found a stormy altar of Qazlal.
   868 | D:2      | Reached XP level 4. HP: 38/38 MP: 4/4
  1351 | D:3      | Reached skill level 7 in Bows
  1351 | D:3      | Reached XP level 5. HP: 40/46 MP: 5/5
  1356 | D:3      | Noticed Torax's ghost (weakling TeAE)
  1468 | D:3      | Killed Torax's ghost
  1541 | D:3      | Slain by a gnoll

Vault maps used:
D:1:      minmay_arrival_wavy_path
D:2:      nicolae_qazlal_general_emergency, first_ration,
          kennysheep_generic_room_7

Skill      XL: |  1  2  3  4 |
---------------+-------------+-----
Bows           | 6 7 |  7.3
Fighting       | 3 4 |  4.2
Dodging        | |  1.3
Stealth        | |  0.4

Action                   |  1- 3 |  4- 6 || total
-------------------------+-------+-------++-------
 Fire: Shortbow          |    88 |    84 ||   172
  Use: Scroll            |       |     2 ||     2
       Potion            |       |     2 ||     2
  Eat: Chunk             |       |     1 ||     1
Armor: Leather armour    |     9 |     8 ||    17
Dodge: Dodged            |    16 |    13 ||    29

Table legend:
 A = Spawn XP
 B = Non-spawn XP
 C = Spawn XP percentage of total XP
 D = Spawn monster count
 E = Non-spawn monster count
 F = Spawn count percentage of total count
 G = Total turns spent on level
                    A         B        C        D         E        F      G
               +---------+---------+-------+---------+---------+-------+---------
         Total |       0 |     264 |   0.0 |       0 |      58 |   0.0 |  1541
               +---------+---------+-------+---------+---------+-------+---------
           D:1 |       0 |      41 |   0.0 |       0 |      23 |   0.0 |   649
           D:2 |       0 |     114 |   0.0 |       0 |      27 |   0.0 |   779
           D:3 |       0 |     109 |   0.0 |       0 |       8 |   0.0 |   113
               +---------+---------+-------+---------+---------+-------+---------
